 Dungeon Crawl Stone Soup version 0.20-a0-785-g17250f0 (webtiles) character file.

732 nikopol the Skirmisher (level 7, -2/67 HPs)
             Began as a Gargoyle Berserker on Feb 27, 2017.
             Was a Priest of Trog.
             Slain by Menkaure (8 damage)
             ... on level 6 of the Dungeon.
             The game lasted 00:08:02 (4210 turns).

nikopol the Skirmisher (Gargoyle Berserker)         Turns: 4210, Time: 00:08:03

Health: -2/67      AC: 12    Str: 26    XL:     7   Next: 73%
Magic:  7/7        EV: 12    Int:  8    God:    Trog [***...]
Gold:   235        SH:  0    Dex: 10    Spells: 6/6 levels left

rFire    + + .     SeeInvis .   I - +0 flail
rCold    x . .     Gourm    .   t - +0 ring mail
rNeg     + . .     Faith    .   (no shield)
rPois    ∞         Spirit   .   (no helmet)
rElec    +         Reflect  .   (no cloak)
rCorr    .         Harm     .   A - +0 pair of gloves
MR       .....                  (no boots)
Stlth    ..........             (no amulet)
Regen    0.3/turn               m - ring of protection from fire
MPRegen  0.1/turn               l - ring of fire

@: berserking, very quick
A: negative energy resistance 1, electricity resistance, unbreathing,
petrification resistance, rot immunity, AC +4
a: Berserk, Trog's Hand, Burn Spellbooks, Renounce Religion


You were on level 6 of the Dungeon.
You worshipped Trog.
Trog was most pleased with you.
You were very hungry.

You visited 1 branch of the dungeon, and saw 6 of its levels.

You collected 235 gold pieces.

Inventory:

Hand Weapons
 a - a +0 mace
 I - a +0 flail (weapon)
Armour
 b - a +0 animal skin
 t - a +0 ring mail (worn)
 A - a +0 pair of gloves (worn)
Jewellery
 l - a ring of fire (left hand)
 m - a ring of protection from fire (right hand)
 r - a cursed -2 ring of dexterity {unknown}
 D - an uncursed ring of resist corrosion {unknown}
 E - a cursed ring of loudness {unknown}
 F - an uncursed ring of positive energy {unknown}
Wands
 q - a wand of confusion (25/48)
 v - a wand of flame (30/48)
 y - a wand of acid (6/15)
Scrolls
 d - 4 scrolls of magic mapping {unknown}
 g - a scroll of recharging {unknown}
 i - a scroll of fear {unknown}
 n - 4 scrolls of remove curse {unknown}
 o - 4 scrolls of identify {unknown}
 p - a scroll of noise {unknown}
 s - 2 scrolls of enchant armour {unknown}
 u - 2 scrolls of teleportation {unknown}
 w - a scroll of fog {unknown}
 z - 2 scrolls of immolation {unknown}
 B - a scroll of amnesia {unknown}
Potions
 e - 2 potions of might {unknown}
 f - 2 potions of brilliance {unknown}
 h - 2 potions of lignification {unknown}
 j - a potion of mutation {unknown}
 k - 2 potions of curing {unknown}
 x - a potion of haste {unknown}
Comestibles
 c - 2 bread rations
 C - a chunk of flesh
 G - a royal jelly
 H - a fruit


   Skills:
 + Level 5.6 Fighting
 + Level 5.1 Maces & Flails
 + Level 4.8 Armour
 + Level 3.7 Dodging


You had 6 spell levels left.
You didn't know any spells.

Dungeon Overview and Level Annotations

Branches:
Dungeon (6/15)
 Temple: D:4-7

Altars:
Ashenzari
Dithmenos

Annotations:
D:6 Eustachio, Menkaure


Innate Abilities, Weirdness & Mutations

You are resistant to torment.
Your stone body is resilient. (AC +4)
You are immune to poison.
You resist negative energy. (rN+)
You are resistant to electric shocks. (rElec)
You can survive without breathing.
You are immune to petrification.
You are immune to rotting.


Message History

* * * LOW HITPOINT WARNING * * *
Menkaure calls on the powers of darkness!
The bullfrog convulses!
Your body is wracked with pain!
* * * LOW HITPOINT WARNING * * *
The bullfrog convulses!
The bullfrog hits you but does no damage.
You sock Menkaure!
Menkaure is heavily damaged.
The bullfrog misses you. Menkaure hits you!
* * * LOW HITPOINT WARNING * * *
You hit Menkaure.
Menkaure is almost destroyed.
The bullfrog misses you.
The bullfrog hits you but does no damage.
You hit Menkaure.
Menkaure is almost destroyed.
Menkaure hits you but does no damage. The bullfrog hits you.
* * * LOW HITPOINT WARNING * * *
The bullfrog closely misses you. Menkaure hits you!
You die...

## ####.#
##### #....#
##....##...##
............#
............+
.......FMF..#
##....##@..##
#.M. #...#
#... #...
#...# @...
#.F #..<#
..o. +. +...#
.... # #####
.o.. ##.. #..


You could see Menkaure and 2 bullfrogs.

Vanquished Creatures
  Sigmund (D:5)
  An ogre (D:5)
  A bullfrog (D:5)
  A scorpion (D:4)
  A hound (D:4)
  2 jellies (D:5)
  An iguana (D:4)
  3 worker ants
  4 gnolls (D:5)
  8 adders
  A shadow imp (D:4)
  An ooze (D:3)
  An adder skeleton (D:5)
  2 worms
  A dart slug (D:3)
  A leopard gecko (D:5)
  2 orcs
  4 bats
  3 giant cockroaches
  6 goblins
  8 hobgoblins
  11 kobolds
  3 quokkas
  A ball python (D:4)
  8 frilled lizards
  A leopard gecko skeleton (D:5)
  A quokka skeleton (D:5)
  3 rats
81 creatures vanquished.

Notes
Turn   | Place    | Note
-------+----------+-------------------------------------------
     0 | D:1      | nikopol the Gargoyle Berserker began the quest for the Orb.
     0 | D:1      | Reached XP level 1. HP: 14/14 MP: 1/1
   314 | D:1      | Reached XP level 2. HP: 19/19 MP: 2/2
   861 | D:2      | Reached XP level 3. HP: 24/24 MP: 3/3
   922 | D:2      | Found a faded altar of an unknown god.
  1533 | D:2      | Reached ** piety under Trog
  1975 | D:3      | Reached XP level 4. HP: 24/29 MP: 4/4
  2705 | D:4      | Reached XP level 5. HP: 27/34 MP: 5/5
  3153 | D:3      | Found a shadowy altar of Dithmenos.
  3226 | D:4      | Reached XP level 6. HP: 39/39 MP: 6/6
  3319 | D:5      | Entered Level 5 of the Dungeon
  3319 | D:5      | Found a shattered altar of Ashenzari.
  3387 | D:5      | Reached *** piety under Trog
  3475 | D:5      | Noticed Sigmund
  3493 | D:5      | Killed Sigmund
  3493 | D:5      | Reached skill level 5 in Fighting
  3493 | D:5      | Reached XP level 7. HP: 44/44 MP: 7/7
  3711 | D:5      | Reached skill level 5 in Maces & Flails
  4033 | D:6      | Noticed Eustachio
  4198 | D:6      | Noticed Menkaure
  4210 | D:6      | Slain by Menkaure

Vault maps used:
D:1:      ncdulo_halloftheorcs
D:2:      chequers_ecumenical_altar_simple
D:3:      lemuel_upstairs_altar
D:5:      ashenzari_altar_1, first_bread, serial_bayou_crossing, uniq_sigmund
D:6:      st_stairs_12, uniq_menkaure, uniq_eustachio, uniq_duvessa

Skill      XL: |  1  2  3  4  5  6  7 |
---------------+----------------------+-----
Fighting       | 4 5 |  5.6
Dodging        | 2 3 |  3.7
Armour         | 3 4 |  4.8
Maces & Flails | 4 5 |  5.1

Action                   |  1- 3 |  4- 6 |  7- 9 || total
-------------------------+-------+-------+-------++-------
Melee: Mace              |   106 |   125 |    63 ||   294
       Flail             |       |       |     7 ||     7
Invok: Berserk           |       |     2 |     2 ||     4
       Burn Spellbooks   |       |       |     1 ||     1
  Eat: Chunk             |     3 |     6 |     4 ||    13
Armor: Animal skin       |    32 |     3 |       ||    35
       Ring mail         |       |    64 |    35 ||    99
Dodge: Dodged            |    65 |    90 |    52 ||   207
